 Dungeon Crawl Stone Soup version 0.28.0-47-ge53b351184 (webtiles) character file.

Game seed: 939970131026338323

746 Kangaroobicon the Chopper (level 7, -1/58 HPs)
             Began as a Palentonga Fighter on May 3, 2022.
             Slain by a gnoll
             ... wielding a +3 halberd of venom
              (6 damage)
             ... on level 4 of the Dungeon.
             The game lasted 00:21:58 (3653 turns).

Kangaroobicon the Chopper (Palentonga Fighter)      Turns: 3653, Time: 00:21:59

Health: -1/58      AC: 17    Str: 19    XL:     7   Next: 48%
Magic:  7/7        EV:  7    Int:  8    God:
Gold:   138        SH:  4    Dex: 12    Spells: 6/6 levels left

rFire   . . .      SeeInvis +   a - +0 war axe
rCold   . . .      Faith    .   c - +0 buckler
rNeg    . . .      Spirit   .   b - +0 scale mail
rPois   +          Reflect  .   h - +0 helmet
rElec   .          Harm     .   i - +1 cloak
rCorr   .          Rampage  .   (no gloves)
Will    .....                   (no barding)
Stlth   ..........              (no amulet)
HPRegen 0.19/turn               r - ring of poison resistance
MPRegen 0.10/turn               (no ring)

@: curled up
A: large, rugged brown scales 3, see invisible, deformed body, roll 1, armoured
tail, reflexive curl
a: Rolling Charge


You were on level 4 of the Dungeon.
You visited 1 branch of the dungeon, and saw 4 of its levels.

You collected 138 gold pieces.

Inventory:

Hand Weapons
 a - a +0 war axe (weapon)
 d - a +2 whip of flaming
 q - a +2 quarterstaff of chaos
 u - a +1 short sword of speed
Missiles
 f - 19 sling bullets
 g - 24 arrows
 k - 5 boomerangs (quivered)
 m - 40 stones
Armour
 b - a +0 scale mail (worn)
 c - a +0 buckler (worn)
 h - a +0 helmet (worn)
 i - a +1 cloak (worn)
Magical Staves
 n - a staff of air
Jewellery
 l - a ring of ice
 r - a ring of poison resistance (left hand)
Scrolls
 o - a scroll of magic mapping {unknown}
 p - a scroll of identify {unknown}
 s - 2 scrolls of fear {unknown}
 t - a scroll of teleportation {unknown}
Potions
 e - a potion of flight {unknown}
 j - a potion of curing {unknown}


   Skills:
 + Level 4.6 Fighting
 + Level 5.8 Axes
 + Level 4.1 Armour
 + Level 1.2 Dodging
 + Level 0.3 Stealth
 + Level 3.0 Shields


You had 6 spell levels left.
You didn't know any spells.
Your spell library contained the following spells:

 Spells                   Type           Power      Damage    Failure   Level
 Beastly Appendage        Tmut           0%         N/A       83%         1
 Corpse Rot               Necr/Air       0%         N/A       93%         2
 Poisonous Vapours        Pois/Air       0%         N/A       93%         2
 Wereblood                Tmut           0%         N/A       93%         2
 Spider Form              Tmut/Pois      0%         N/A       99%         3


Dungeon Overview and Level Annotations

Branches:
Dungeon (4/15)
 Temple: D:4-7

Altars:

Annotations:
D:4 Robin


Innate Abilities, Weirdness & Mutations

You are completely covered in rugged brown scales. (AC +3, +7% HP)
You have supernaturally acute eyesight. (SInv)
Armour fits poorly on your strangely shaped body.
You can roll at nearby foes to attack.
You have a long armoured tail.
You curl defensively after being hit. (AC +7*)


Message History

You hit the goblin.
Your tail-slap misses the goblin.
The goblin is severely wounded.
You slash the gnoll shaman!
A goblin comes into view.
It is wielding a +4 dagger of electrocution.
Robin flexes a bicep menacingly.
Robin throws the goblin at you! The goblin hits you but does no damage.
The gnoll shaman completely misses you. You block the goblin's attack.
A jackal comes into view.
You slash the gnoll shaman!
The gnoll shaman is almost dead.
You barely miss the goblin. You hit the goblin.
You kill the goblin!
Robin throws the goblin at you! You block the goblin's attack.
The gnoll shaman hits you but does no damage.
The goblin hits you but does no damage.
You slash the gnoll shaman!
You kill the gnoll shaman!
You hit the goblin. You completely miss the goblin.
The goblin hits you with a +0 dagger.
The goblin hits you with a +4 dagger of electrocution.
You are electrocuted!
* * * LOW HITPOINT WARNING * * *
You slash the hobgoblin!
You kill the hobgoblin!
You barely miss the goblin. You closely miss the goblin.
You block the goblin's attack.
The goblin hits you with a +4 dagger of electrocution.
* * * LOW HITPOINT WARNING * * *
The gnoll hits you from afar with a +3 halberd of venom.
* * * LOW HITPOINT WARNING * * *
Robin roars a battlecry!
The goblin goes into a battle-frenzy!
The goblin barely misses you. You block the goblin's attack.
The goblin hits you with a +4 dagger of electrocution.
* * * LOW HITPOINT WARNING * * *
There is a stone staircase leading up here.
You block the goblin's attack.
The gnoll hits you from afar with a +3 halberd of venom.
You die...

#.##..###.# .##.#
#.###.# #.##....#
#.##### #..#..#
#..# ##....# ##.#
#....# #.#
#...####. #.#
#...##... ##g###
#......## #@g..#
#....###.
#..g.#####g..##...
#...)ggh.gh.......
#....######g......
###### #...#.###
#...#.# ###.#.#
#...# #..##


You could see a gnoll, a jackal, a hobgoblin (strong) and 3 goblins.

Vanquished Creatures
  Pikel (D:4)
  2 lemures (D:4)
  Crazy Yiuf (D:2)
  A gnoll shaman (D:4)
  Jessica (D:3)
  Natasha (thrice) (D:2)
  3 gnolls (D:4)
  2 adders
  3 worms
  2 dart slugs
  5 bats
  7 endoplasms
  2 giant cockroaches
  7 goblins
  8 hobgoblins
  3 jackals
  A quokka (D:4)
  5 ball pythons
  2 frilled lizards (D:1)
  4 kobolds
  7 rats
  2 bushes (D:2)
72 creatures vanquished.

Vanquished Creatures (others)
  5 plants (D:2)
5 creatures vanquished.

Grand Total: 77 creatures vanquished

Notes
Turn   | Place    | Note
-------+----------+-------------------------------------------
     0 | D:1      | Kangaroobicon the Palentonga Fighter began the quest for
                  | the Orb.
     0 | D:1      | Reached XP level 1. HP: 19/19 MP: 1/1
   195 | D:1      | Reached XP level 2. HP: 22/25 MP: 2/2
   252 | D:1      | Found a faded altar of an unknown god.
   650 | D:1      | Reached XP level 3. HP: 31/31 MP: 3/3
   787 | D:2      | Noticed Natasha
   791 | D:2      | Killed Natasha
   798 | D:2      | Noticed Natasha
   803 | D:2      | Killed Natasha
   804 | D:2      | Reached XP level 4. HP: 34/39 MP: 4/4
  1049 | D:2      | Reached skill level 3 in Axes
  1454 | D:2      | Noticed Natasha
  1460 | D:2      | Killed Natasha
  1597 | D:2      | Found a runed translucent door.
  1598 | D:2      | Noticed Crazy Yiuf
  1607 | D:2      | Killed Crazy Yiuf
  1608 | D:2      | Reached XP level 5. HP: 9/44 MP: 5/5
  2269 | D:3      | Noticed Jessica
  2286 | D:3      | Killed Jessica
  3330 | D:4      | Noticed a lemure
  3334 | D:4      | Noticed a lemure
  3337 | D:4      | Noticed a lemure
  3338 | D:4      | Killed a lemure
  3340 | D:4      | Killed a lemure
  3343 | D:4      | Noticed a lemure
  3346 | D:4      | Noticed Pikel
  3354 | D:4      | Killed Pikel
  3355 | D:4      | Reached skill level 5 in Axes
  3355 | D:4      | Reached skill level 1 in Dodging
  3355 | D:4      | Reached XP level 6. HP: 16/52 MP: 6/6
  3355 | D:4      | Gained mutation: You curl defensively after being hit. (AC
                  | +7*) [Palentonga growth]
  3355 | D:4      | Reached XP level 7. HP: 18/58 MP: 7/7
  3608 | D:4      | Noticed Robin
  3653 | D:4      | Slain by a gnoll

Illustrated notes

Levels and vault maps discovered:
D:1:      nagdon_arrival_zigzag_paths, layout_loops_ring,
          shapermc_ecumenical_altar_notcrosses
D:2:      layout_loops_ring, serial_forest, infiniplex_forest_straight_2,
          infiniplex_forest_straight_2, infiniplex_forest_lined_2,
          infiniplex_forest_lined_2, infiniplex_forest_lined_room_2,
          infiniplex_forest_clump_medium, infiniplex_forest_end_2,
          infiniplex_forest_end_1, infiniplex_forest_clump_curved, uniq_natasha,
          uniq_crazy_yiuf_cottage
D:3:      minmay_diamond_boxcup, layout_basic, minivault_11, uniq_jessica
D:4:      layout_rooms, uniq_pikel, uniq_robin, uniq_duvessa

Skill      XL: |  1  2  3  4  5 |
---------------+----------------+-----
Armour         | 3 4 |  4.1
Axes           | 3 5 |  5.8
Fighting       | 4 |  4.6
Dodging        | 1 |  1.2
Shields        | 3 |  3.0
Stealth        | |  0.3

Action                   |  1- 3 |  4- 6 |  7- 9 || total
-------------------------+-------+-------+-------++-------
Melee: War axe           |    61 |   183 |    18 ||   262
       Tailslap          |     3 |    34 |     1 ||    38
  Use: Potion            |       |     1 |       ||     1
Armor: Scale mail        |    35 |    50 |    13 ||    98
Dodge: Dodged            |    25 |    34 |     6 ||    65
Block: Buckler           |    11 |    14 |    10 ||    35
